 Dungeon Crawl Stone Soup version 0.21-a0-210-gbfa5647 (webtiles) character file.

643 roguesci the Skirmisher (level 7, -3/58 HPs)
             Began as a Pale Draconian Transmuter on Aug 21, 2017.
             Slain by a wyvern zombie (12 damage)
             ... in an ossuary.
             The game lasted 00:14:18 (4450 turns).

roguesci the Skirmisher (Pale Draconian Transmuter) Turns: 4450, Time: 00:14:19

Health: -3/58      AC:  2    Str: 12    XL:     7   Next: 26%
Magic:  1/12       EV: 21    Int: 19    God:
Gold:   178        SH:  0    Dex: 17    Spells: 7/13 levels left

rFire    . . .     SeeInvis .     - Unarmed
rCold    . . .     Gourm    .   (shield currently unavailable)
rNeg     . . .     Faith    .   (armour unavailable)
rPois    x         Spirit   .   (helmet currently unavailable)
rElec    .         Reflect  .   (cloak currently unavailable)
rCorr    .         Harm     .   (gloves currently unavailable)
MR       .....                  (boots currently unavailable)
Stlth    ++........             (no amulet)
HPRegen  0.19/turn              C - +4 ring of intelligence
MPRegen  0.13/turn              (no ring)

@: spider-form, very slightly contaminated
A: (breathe steam), unfitting armour, AC +6
a: End Transformation


You were in an ossuary.
You were not hungry.
You were a venomous arachnid creature.
You visited 1 branch of the dungeon, and saw 5 of its levels.
You also visited: Ossuary.

You collected 178 gold pieces.

Inventory:

Hand Weapons
 d - a +1 dagger of electrocution (melded)
Missiles
 e - 113 stones (quivered)
Armour
 n - a +1 pair of gloves (melded)
Jewellery
 C - a +4 ring of intelligence (left front leg)
 D - an uncursed ring of ice
Wands
 A - a wand of iceblast (8/15)
Scrolls
 a - a scroll of identify
 h - a scroll of teleportation {unknown}
 j - 2 scrolls of recharging
 r - a scroll of fog {unknown}
 t - a scroll of amnesia {unknown}
 x - a scroll of random uselessness {unknown}
Potions
 f - 3 potions of brilliance {unknown}
 g - 3 potions of curing {unknown}
 i - a potion of might {unknown}
 k - 3 potions of degeneration {unknown}
 m - a potion of cancellation {unknown}
 q - a potion of agility {unknown}
 s - a potion of flight {unknown}
 u - 3 potions of resistance {unknown}
 v - 2 potions of lignification {unknown}
 w - a potion of ambrosia {unknown}
Books
 b - a book of Changes

   Spells                             Type                      Level
   a - Beastly Appendage              Transmutation                1
   b - Sticks to Snakes               Transmutation                2
   c - Spider Form                    Transmutation/Poison         3
   d - Ice Form                       Ice/Transmutation            4
   e - Blade Hands                    Transmutation                5
 l - a book of Callings

   Spells                             Type                      Level
   a - Summon Small Mammal            Summoning                    1
   b - Call Imp                       Summoning                    2
   c - Call Canine Familiar           Summoning                    3
   d - Summon Guardian Golem          Hexes/Summoning              3
   e - Summon Lightning Spire         Summoning/Air                4
   f - Summon Ice Beast               Ice/Summoning                4
Comestibles
 c - 4 bread rations
 p - 7 fruits


   Skills:
 * Level 3.9 Fighting
 * Level 3.6 Dodging
 + Level 2.4 Stealth
 + Level 3.0 Unarmed Combat
 * Level 3.7 Spellcasting
 + Level 3.1 Transmutations
 - Level 3.0 Poison Magic


You had 7 spell levels left.
You knew the following spells:

 Your Spells              Type           Power        Failure   Level  Hunger
a - Beastly Appendage     Tmut           ###...       12%         1    None
b - Spider Form           Tmut/Pois      ###.......   28%         3    ###....
c - Call Imp              Summ           #.......     43%         2    ##.....


Dungeon Overview and Level Annotations

Branches:
Dungeon (5/15)
 Temple: D:4-7

Altars:
Qazlal


Innate Abilities, Weirdness & Mutations

((You can breathe blasts of scalding, opaque steam.))
((Your pale cyan-grey scales are hard. (AC +6)))
You cannot fit into any form of body armour.
((You are cold-blooded and may be slowed by cold attacks.))


Message History

You hit the wyvern zombie.
The wyvern zombie is moderately damaged.
The wyvern zombie completely misses you.
You hit the wyvern zombie.
The wyvern zombie is moderately damaged.
The wyvern zombie closely misses you.
Your crimson imp barely misses the wyvern zombie.
You hit the wyvern zombie.
The wyvern zombie is heavily damaged.
The wyvern zombie bites you!
* * * LOW HITPOINT WARNING * * *
Your crimson imp hits the wyvern zombie but does no damage.
The wyvern zombie barely misses you.
Your crimson imp hits the wyvern zombie.
The wyvern zombie completely misses you.
There is an open door here.
You hit the wyvern zombie.
The wyvern zombie is heavily damaged.
The wyvern zombie bites you!
You die...

##########
##≈#≈#≈≈≈≈
#P≈P#P≈##
+#+#.≈.≈.≈≈##
.......≈≈≈.P≈#
###.#####5≈≈##
#.#...#Z.P≈# #
#.∩.s.≈###
#∩..#≈≈P#
#####.#≈≈#
+≈+.≈# #≈####
#≈≈ +≈≈ #≈.


You could see a wyvern zombie and a friendly crimson imp.

Vanquished Creatures
  An orc warrior (D:4)
  A centaur zombie (Ossuary)
  2 orc priests (D:4)
  4 hounds (D:4)
  An iguana (D:4)
  An orc wizard (D:4)
  A bullfrog skeleton (D:4)
  Ijyb (D:3)
  3 worker ants
  2 mummies (Ossuary)
  3 gnolls (D:4)
  3 adders
  An ooze (D:3)
  3 worms
  2 dart slugs
  3 leopard geckos
  4 orcs (D:4)
  2 giant cockroaches
  7 goblins
  7 hobgoblins
  10 kobolds
  A quokka (D:4)
  2 bats (D:1)
  4 frilled lizards
  3 rats
72 creatures vanquished.

Vanquished Creatures (collateral kills)
  2 mummies (Ossuary)
2 creatures vanquished.

Grand Total: 74 creatures vanquished

Notes
Turn   | Place    | Note
-------+----------+-------------------------------------------
     0 | D:1      | roguesci the Draconian Transmuter began the quest for the Orb.
     0 | D:1      | Reached XP level 1. HP: 16/16 MP: 3/3
   374 | D:1      | Reached XP level 2. HP: 18/23 MP: 5/5
  1438 | D:2      | Reached XP level 3. HP: 27/29 MP: 6/6
  1446 | D:2      | Learned a level 3 spell: Spider Form
  1573 | D:2      | Found a faded altar of an unknown god.
  1706 | D:2      | Found a stormy altar of Qazlal.
  1800 | D:3      | Reached skill level 1 in Stealth
  1920 | D:3      | Reached skill level 1 in Poison Magic
  1920 | D:3      | Reached XP level 4. HP: 30/36 MP: 7/7
  2268 | D:3      | Noticed Ijyb
  2280 | D:3      | Killed Ijyb
  2580 | D:4      | Reached XP level 5. HP: 42/42 MP: 9/9
  2594 | D:4      | Noticed an orc warrior
  2840 | D:4      | Killed an orc warrior
  2840 | D:4      | Reached XP level 6. HP: 29/51 MP: 1/10
  3667 | D:4      | Your scales start taking on a pale cyan-grey colour.
  3667 | D:4      | Reached XP level 7. HP: 58/58 MP: 12/12
  4321 | D:5      | Entered Level 5 of the Dungeon
  4353 | D:5      | Found a sand-covered staircase.
  4358 | Ossuary  | Entered an ossuary
  4362 | Ossuary  | Learned a level 2 spell: Call Imp
  4450 | Ossuary  | Slain by a wyvern zombie

Vault maps used:
D:1:      lightli_arrival_maybe_door_vault, serial_bayou, serial_bayou_ford_a,
          serial_bayou_pond_a, serial_bayou_pond_a, serial_bayou_shore_a
D:2:      lemuel_upstairs_altar, chequers_ecumenical_altar_simple,
          nicolae_qazlal_eye_of_the_storm
D:3:      first_bread, uniq_ijyb
D:5:      minmay_temple_entry_glass, enter_ossuary_5, uniq_grinder,
          uniq_duvessa, uniq_crazy_yiuf_cottage, uniq_edmund
Ossuary:  ossuary_zaba_flooded

Skill      XL: |  1  2  3  4  5  6  7 |
---------------+----------------------+-----
Dodging        | 2 3 |  3.6
Stealth        | 1 2 |  2.4
Poison Magic   | 1 2 3 |  3.0
Fighting       | 2 3 |  3.9
Spellcasting   | 3 |  3.7
Transmutations | 3 |  3.1
Unarmed Combat | |  3.0

Action                   |  1- 3 |  4- 6 |  7- 9 || total
-------------------------+-------+-------+-------++-------
Melee: Unarmed           |    87 |    58 |    38 ||   183
       Punch             |     3 |     1 |       ||     4
       Kick              |     1 |       |       ||     1
       Dagger            |    38 |    68 |    20 ||   126
       Tailslap          |    10 |    10 |     3 ||    23
       Headbutt          |     1 |       |       ||     1
Throw: Stone             |       |     7 |       ||     7
 Cast: Beastly Appendage |     2 |       |       ||     2
       Spider Form       |       |     5 |     3 ||     8
       Call Imp          |       |       |     5 ||     5
  Use: Scroll            |       |     5 |       ||     5
 Stab: Sleeping          |     2 |     2 |       ||     4
       Distracted        |       |       |     1 ||     1
  Eat: Chunk             |     3 |     3 |       ||     6
       Meat ration       |       |     1 |       ||     1
       Fruit             |       |       |     2 ||     2
Armor: Skin              |    35 |    14 |     8 ||    57
Dodge: Dodged            |    69 |   109 |    37 ||   215

Table legend:
 A = Spawn XP
 B = Non-spawn XP
 C = Spawn XP percentage of total XP
 D = Spawn monster count
 E = Non-spawn monster count
 F = Spawn count percentage of total count
 G = Total turns spent on level
                    A         B        C        D         E        F      G
               +---------+---------+-------+---------+---------+-------+---------
         Total |     176 |     743 |  19.2 |      13 |      61 |  17.6 |  4450
               +---------+---------+-------+---------+---------+-------+---------
           D:1 |      11 |      24 |  31.4 |       4 |      16 |  20.0 |  1362
           D:2 |       0 |      11 |   0.0 |       0 |       7 |   0.0 |   396
           D:3 |      39 |      83 |  32.0 |       3 |      14 |  17.6 |  1028
           D:4 |     126 |     537 |  19.0 |       6 |      19 |  24.0 |  1535
       Ossuary |       0 |      88 |   0.0 |       0 |       5 |   0.0 |    92
               +---------+---------+-------+---------+---------+-------+---------
